 Seeded DCSS version 0.27-a0-40-g5f2be0e231 (webtiles) character file.

Game seed: 3165166927895876312 (custom seed)

2016 muata the Cleaver (level 9, 77/83 HPs)
             Began as a Minotaur Berserker on Jan 5, 2021.
             Was an Elder of Trog.
             Quit the game on level 6 of the Dungeon.
             The game lasted 00:21:07 (6000 turns).

muata the Cleaver (Minotaur Berserker)              Turns: 6000, Time: 00:21:08

Health: 77/83      AC:  9    Str: 26    XL:     9   Next: 3%
Magic:  8/8        EV: 11    Int:  4    God:    Trog [****..]
Gold:   325        SH:  0    Dex:  9    Spells: 8/8 levels left

rFire    . . .     SeeInvis .   E - +4 spear
rCold    . . .     Faith    .   (no shield)
rNeg     . . .     Spirit   .   n - +0 ring mail
rPois    .         Reflect  .   (helmet restricted)
rElec    .         Harm     .   m - +0 cloak
rCorr    .         Rampage  .   i - +0 pair of gloves
Will     .....                  (no boots)
Stlth    ..........             (no amulet)
HPRegen  0.23/turn              (no ring)
MPRegen  0.11/turn              (no ring)

@: berserk cooldown, slowed, very slow
A: retaliatory headbutt, horns 2
a: Renounce Religion, Berserk, Trog's Hand, Brothers in Arms


You were on level 6 of the Dungeon.
You worshipped Trog.
Trog was greatly pleased with you.
You visited 1 branch of the dungeon, and saw 6 of its levels.
You also visited: Sewer.

You collected 325 gold pieces.

Inventory:

Hand Weapons
 a - a +0 hand axe
 v - a +4 quarterstaff of chaos
 E - a +4 spear (weapon)
Missiles
 c - 6 datura-tipped darts
 d - 223 stones (quivered)
 e - 4 boomerangs
 G - 16 poisoned darts
Armour
 b - a +0 animal skin
 i - a +0 pair of gloves (worn)
 j - a +0 leather armour
 m - a +0 cloak (worn)
 n - a +0 ring mail (worn)
Jewellery
 y - an uncursed amulet of regeneration {unknown}
Wands
 o - a wand of flame (12)
Scrolls
 f - 9 scrolls of identify {unknown}
 g - 9 scrolls of teleportation {unknown}
 k - a scroll of noise {unknown}
 p - 2 scrolls of immolation {unknown}
 s - 2 scrolls of random uselessness {unknown}
 t - a scroll of remove curse {unknown}
 u - 3 scrolls of enchant armour {unknown}
 x - 2 scrolls of enchant weapon {unknown}
 B - 2 scrolls of magic mapping {unknown}
 F - a scroll of summoning {unknown}
 H - 4 scrolls of blinking {unknown}
Potions
 h - a potion of lignification {unknown}
 l - a potion of haste {unknown}
 q - a potion of resistance
 r - a potion of mutation {unknown}
 w - 2 potions of curing {unknown}
 z - a potion of cancellation {unknown}
 A - 2 potions of brilliance {unknown}
 C - a potion of magic {unknown}
 D - 4 potions of heal wounds {unknown}
 I - a potion of might {unknown}


   Skills:
 + Level 9.0 Fighting
 - Level 9.0 Axes
 + Level 0.1(5.5) Polearms
 + Level 8.5 Armour
 - Level 2.1 Dodging


You had 8 spell levels left.
You didn't know any spells.
Your spell library was empty.

Dungeon Overview and Level Annotations

Branches:
Dungeon (6/15)             Temple (0/1) D:4           Sewer (visited)

Altars:
Cheibriados
Fedhas
Qazlal
Trog


Innate Abilities, Weirdness & Mutations

You reflexively headbutt those who attack you in melee.
You have a pair of horns on your head.


Message History

Your Fighting skill increases to level 9!
You feel a strong urge to attack something.
You are no longer berserk.
You are exhausted.
You feel yourself slow down.
Items here: )) [[.
Okay, then.
Things that are here:
a +0 dagger of venom; a +0 robe
Things that are here:
a cursed +0 dire flail; a +0 robe You hit the hound skeleton.
You headbutt the hound skeleton!
The hound skeleton is severely damaged.
The hound skeleton bites you but does no damage.
The hound skeleton closely misses you.
You puncture the hound skeleton!
You destroy the hound skeleton!
Trog accepts your kill.
s - 2 scrolls labelled FOMIOD QUCIUTZ (gained 1) Are you sure you want to abandon this character and quit the game? (Confirm with "yes".)

..# ..# ####..#
## #.....# #.
#.....#
#)#####.....#
#...........#
##.@.........#
#....)....)....##
#####.....))#.##
#.....<.#.#
#.......# #
#.......#
####.#### #.# ..


There were no monsters in sight!

Vanquished Creatures
  Edmund (D:5)
  A water moccasin (D:5)
  Duvessa (D:5)
  2 ice beasts (D:5)
  An ogre (D:4)
  A centaur (D:5)
  A big kobold (D:4)
  Dowan (D:5)
  A scorpion (D:5)
  8 wights
  2 howler monkeys (D:5)
  Crazy Yiuf (D:3)
  4 hounds (D:5)
  2 orc priests
  5 orc wizards
  A bullfrog skeleton (D:4)
  Jessica (D:3)
  An iguana (D:5)
  4 worker ants
  The ghost of Coron the Sneak, a weakling DDDe (D:4)
  2 hound skeletons (D:6)
  5 adders
  4 oozes
  An adder zombie (D:4)
  6 worms
  3 dart slugs
  A leopard gecko (D:4)
  9 orcs
  6 bats
  7 giant cockroaches
  6 goblins
  6 hobgoblins
  22 jackals
  2 quokkas
  5 ball pythons
  7 frilled lizards
  A jackal skeleton (D:4)
  10 kobolds
  12 rats
155 creatures vanquished.

Vanquished Creatures (others)
  6 fungi (D:5)
  12 plants
18 creatures vanquished.

Grand Total: 173 creatures vanquished

Notes
Turn   | Place    | Note
-------+----------+-------------------------------------------
     0 | D:1      | muata the Minotaur Berserker began the quest for the Orb.
     0 | D:1      | Reached XP level 1. HP: 19/19 MP: 0/0
   684 | D:1      | Reached XP level 2. HP: 23/27 MP: 1/1
  1340 | D:2      | Reached XP level 3. HP: 18/33 MP: 2/2
  1884 | D:2      | Reached XP level 4. HP: 41/41 MP: 3/3
  1965 | D:2      | Reached ** piety under Trog
  2373 | D:3      | Noticed Jessica
  2381 | D:3      | Killed Jessica
  2462 | D:3      | Found a snail-covered altar of Cheibriados.
  2480 | D:3      | Reached skill level 5 in Axes
  2481 | D:3      | Reached skill level 5 in Fighting
  2485 | D:3      | Reached XP level 5. HP: 48/48 MP: 4/4
  2689 | D:3      | Found a runed translucent door.
  2690 | D:3      | Noticed Crazy Yiuf
  2779 | D:3      | Found a bloodstained altar of Trog.
  3095 | D:3      | Killed Crazy Yiuf
  3151 | D:4      | Reached XP level 6. HP: 56/56 MP: 5/5
  3330 | D:4      | Found a staircase to the Ecumenical Temple.
  3335 | D:4      | Reached skill level 5 in Armour
  3345 | D:4      | Found a transporter.
  3363 | D:4      | Found a transporter.
  3364 | D:4      | Noticed Coron's ghost (weakling DDDe)
  3477 | D:4      | Killed Coron's ghost
  3477 | D:4      | Reached *** piety under Trog
  3479 | D:4      | Reached XP level 7. HP: 30/63 MP: 6/6
  4156 | D:5      | Entered Level 5 of the Dungeon
  4316 | D:5      | Found a blossoming altar of Fedhas.
  4414 | D:5      | Noticed Dowan
  4415 | D:5      | Noticed Duvessa
  4429 | D:5      | Killed Duvessa
  4430 | D:5      | Reached XP level 8. HP: 33/73 MP: 7/7
  4432 | D:5      | Killed Dowan
  4603 | D:5      | Noticed Edmund
  4614 | D:5      | Killed Edmund
  4816 | D:5      | Found a glowing drain.
  4834 | Sewer    | Entered a sewer
  4891 | Sewer    | Reached **** piety under Trog
  5744 | D:5      | Found a stormy altar of Qazlal.
  5756 | D:5      | Found a blossoming altar of Fedhas.
  5984 | D:6      | Reached XP level 9. HP: 82/82 MP: 8/8
  6000 | D:6      | Quit the game

Illustrated notes

Levels and vault maps discovered:
D:1:      saegor_arrival_simple_b, layout_loops_corners
D:2:      minmay_diamond_boxcup, layout_loops_ring, minmay_pentomino_q4
D:3:      layout_basic, lemuel_doored_altar, trog_book, uniq_jessica,
          uniq_crazy_yiuf_cottage
D:4:      layout_basic, minmay_temple_entry_arrows, gammafunk_ghost_mausoleum
D:5:      layout_basic, grunt_temple_overflow_forces_of_nature,
          portal_sewer_entry_b, fedhas_altar_4, uniq_duvessa, uniq_edmund
D:6:      layout_loops_ring, old_standard_altar, nicolae_tso_carved_into_rock,
          uniq_sigmund

Skill      XL: |  1  2  3  4  5  6  7  8  9 |
---------------+----------------------------+-----
Fighting       | 4 5 6 7 8 9 |  9.0
Axes           | 4 5 6 7 9 |  9.0
Armour         | 3 4 5 6 8 |  8.5
Polearms       | |  0.1
Dodging        | |  2.1

Action                   |  1- 3 |  4- 6 |  7- 9 || total
-------------------------+-------+-------+-------++-------
Melee: Hand axe          |    76 |    75 |       ||   151
       Headbutt          |    11 |    13 |    39 ||    63
       Quarterstaff      |       |    26 |    78 ||   104
       Spear             |       |       |   104 ||   104
Throw: Stone             |       |     2 |    10 ||    12
Invok: Berserk           |     5 |     2 |     3 ||    10
Evoke: Wand              |       |     4 |       ||     4
 Stab: Paralysed         |       |     2 |       ||     2
Armor: Animal skin       |     2 |       |       ||     2
       Leather armour    |    18 |       |       ||    18
       Ring mail         |     4 |    43 |    67 ||   114
Dodge: Dodged            |    38 |    63 |    97 ||   198

Table legend: (Time is in decaauts)
 A = Elapsed time spent in this place.
 B = Non-inter-level travel time spent in this place.
 C = Inter-level travel time spent in this place.
 D = Time resting spent in this place.
 E = Time spent auto-exploring this place.
 F = Levels seen in this place.
 G = Mean time per level.
                   A        B        C        D        E       F      G
               +--------+--------+--------+--------+--------+-----+--------+
         Total |   6275 |   6113 |    162 |    956 |   3653 |   7 |  896.4 |
       Dungeon |   5420 |   5258 |    162 |    956 |   3007 |   6 |  903.3 |
         Sewer |    855 |    855 |      0 |      0 |    646 |   1 |  855.0 |
               +--------+--------+--------+--------+--------+-----+--------+

Top non-repeatable levels by time:
     D:1: 1220 daAuts
     D:2: 1216 daAuts
     D:5: 1128 daAuts
     D:4: 1039 daAuts
   Sewer: 855 daAuts
     D:3: 785 daAuts
     D:6: 29 daAuts
